[Event "Goteborg Open 2024"]
[Site "Goteborgs Schackcentrum, Vegatan 20, Gothenburg, Sweden"]
[Date "2024.08.02"]
[Round "2.20"]
[White "Israelsson, Lukas"]
[Black "Shchetinin, Oleg"]
[Result "0-1"]
[TimeControl "15 minutes + 5 seconds per move from move one (Round 1 - 4) / 90 minutes + 30 seconds per move from move one (Round 5 - 8)"]
[WhiteFideId "1784749"]
[BlackFideId "1740210"]
[WhiteElo "1615"]
[BlackElo "1742"]

1. e4 Nf6 2. e5 Nd5 3. d4 e6 4. c4 Nb6 5. f4 d6 6. Nf3 dxe5 7. fxe5 c5 8. Bg5 Qd7 9. Nc3 cxd4 10.
Nxd4 Bc5 11. Ndb5 Nc6 12. Nd6+ Bxd6 13. exd6 O-O 14. c5 Nd5 15. Nxd5 exd5 16. Qxd5 Nb4 17. Qb3 Re8+ 18. Be7 Rxe7+ 19. dxe7 Qxe7+ 20. Be2 Qxc5 21. Rf1 Be6 22. Qc3 Qxc3+ 23. bxc3 Nc2+ 24. Kd2 Nxa1 25. Rxa1 Rd8+ 26. Ke1 Kf8 27. Rb1 b6 28. Rb2 Rd5 29.
Rd2 Rxd2 30. Kxd2 Bxa2 31. c4 Bb1 32. Kc3 Be4 33. g3 Ke7 34. Kb4 Kd6 35. Kb5 Bb7 36. Bd3 g6 37. h4 Kc7 38.
g4 a6+ 39. Kb4 Bc6 40. g5 a5+ 41. Kc3 Kd6 42. Kd4 a4 43. Bc2 a3 44. Bb3 Bd7 45. Ba2 Be6 46.
Kc3 Kc5 47. Kd3 b5 48. Kc3 Bxc4 49. Bb1 a2 50. Bxa2 Bxa2 51. Kb2 Be6 52. Kc3 b4+ 53. Kd2 Kc4 54. Kc2 b3+ 55. Kb2 Bf5 56.
h5 gxh5 57. g6 fxg6 58. Ka1 h4 59.
Kb2 0-1

[Event "Goteborg Open 2024"]
[Site "Goteborgs Schackcentrum, Vegatan 20, Gothenburg, Sweden"]
[Date "2024.08.02"]
[Round "2.21"]
[White "Olsson, Jonas"]
[Black "Hammar, Arvid"]
[Result "0-1"]
[TimeControl "15 minutes + 5 seconds per move from move one (Round 1 - 4) / 90 minutes + 30 seconds per move from move one (Round 5 - 8)"]
[WhiteFideId "1734415"]
[BlackFideId "1735977"]
[WhiteElo "1741"]
[BlackElo "1653"]

1. e4 e5 2. f4 d5 3. exd5 exf4 4. Nf3 Bg4 5. h3 Bh5 6. Qe2+ Be7 7. d3 Nf6 8. Bxf4 Nxd5 9. Bd2 O-O 10.
Nc3 Bh4+ 11. Kd1 Re8 12.
Ne4 f5 13. g4 fxe4 14. gxh5 exf3 15. Qxf3 Nc6 16. Bg2 Nf6 17. Be1 Bxe1 18. Rxe1 Qd7 19. Kd2 Rxe1 20. Rxe1 Rf8 21. Qf4 Nxh5 22. Qc4+ Kh8 23. Bxc6 Qxc6 24.
Qg4 Rf2+ 25. Re2 Qh6+ 26. Kd1 Rf1+ 27. Re1 Rxe1+ 28. Kxe1 Qe3+ 29. Kd1 Nf6 30.
Qc8+ Ng8 31. Qxc7 h6 32. Qxb7 Nf6 33. Qc8+ Kh7 34. Qf5+ Kg8 35. c4 Kf7 36. c5 g6 37. Qc8 Qxd3+ 38. Kc1 Ne4 39. Qc7+ Kf6 40. Qc6+ 0-1

[Event "Goteborg Open 2024"]
[Site "Goteborgs Schackcentrum, Vegatan 20, Gothenburg, Sweden"]
[Date "2024.08.02"]
[Round "3.1"]
[White "Utriainen, Tapani"]
[Black "Rasti, Arvin"]
[Result "0-1"]
[TimeControl "15 minutes + 5 seconds per move from move one (Round 1 - 4) / 90 minutes + 30 seconds per move from move one (Round 5 - 8)"]
[BlackTitle "FM"]
[WhiteFideId "16300696"]
[BlackFideId "1741160"]
[WhiteElo "1914"]
[BlackElo "2195"]

1. d4 d5 2. c4 e6 3. Nc3 c5 4. cxd5 cxd4 5. Qa4+ Bd7 6. Qxd4 exd5 7. Nf3 Nc6 8. Qd1 Nf6 9. Bg5 h6 10.
Bxf6 Qxf6 11. Nxd5 Qd8 12. e3 Be6 13. Nc3 Qb6 14. Bb5 Rd8 15. Qa4 a6 16. Bxc6+ bxc6 17. O-O Be7 18. Nd4 Bd7 19. Qc2 O-O 20. Na4 Qc7 21.
Nc5 Bc8 22. Rac1 Bd6 23. h3 Be7 24. Ncb3 Rd6 25. Nxc6 Bh4 26. Qe4 Bg5 27. Nbd4 Bb7 28. Rc3 Qd7 29. Qc2 Bf6 30. Rc1 Rd5 31. Nb4 Rg5 32. g3 Qxh3 33.
e4 0-1

[Event "Goteborg Open 2024"]
[Site "Goteborgs Schackcentrum, Vegatan 20, Gothenburg, Sweden"]
[Date "2024.08.02"]
[Round "3.2"]
[White "Ask, Josef"]
[Black "Degerfeldt, Sven"]
[Result "0-1"]
[TimeControl "15 minutes + 5 seconds per move from move one (Round 1 - 4) / 90 minutes + 30 seconds per move from move one (Round 5 - 8)"]
[WhiteTitle "FM"]
[WhiteFideId "1704583"]
[BlackFideId "1717430"]
[WhiteElo "2129"]
[BlackElo "1902"]

1. c4 c5 2. b3 Nf6 3. Bb2 e6 4. Nf3 Be7 5. g3 b6 6. Bg2 Bb7 7. O-O d6 8. d3 Nbd7 9. e4 O-O 10. Nbd2 Qc7 11. Rc1 Rac8 12. Qe2 e5 13.
Nh4 g6 14. Bh3 Rcd8 15. Ng2 Nb8 16. f4 Nc6 17. Nf3 Nd4 18. Nxd4 cxd4 19. Qd2 Kg7 20. Rf2 Bc8 21. f5 h6 22.
Rcf1 g5 23. Ne1 Rg8 24. Bc1 Nh7 25. f6+ Bxf6 26. Bf5 Bxf5 27. Rxf5 Rde8 28. Qe2 Bd8 29. Rxf7+ Qxf7 30. Rxf7+ Kxf7 31. Qh5+ Kg7 32. Nf3 Ref8 33. Kg2 Rf6 34. Qg4 Rgf8 35.
Nh4 Rf2+ 36. Kh3 Nf6 37. Nf5+ Kh7 38. Qd1 g4+ 39. Qxg4 0-1

[Event "Goteborg Open 2024"]
[Site "Goteborgs Schackcentrum, Vegatan 20, Gothenburg, Sweden"]
[Date "2024.08.02"]
[Round "3.3"]
[White "Eldh, Hjalmar"]
[Black "Wickstrom, Carina"]
[Result "1-0"]
[TimeControl "15 minutes + 5 seconds per move from move one (Round 1 - 4) / 90 minutes + 30 seconds per move from move one (Round 5 - 8)"]
[WhiteFideId "1767968"]
[BlackFideId "1743201"]
[WhiteElo "1897"]
[BlackElo "2013"]

1. e4 c6 2. d4 d5 3. f3 dxe4 4.
fxe4 e5 5. Nf3 Bg4 6. Bc4 Nd7 7. c3 Ngf6 8. Qb3 Bh5 9. Qxb7 Nxe4 10. Qxc6 Bxf3 11. gxf3 Qh4+ 12. Kd1 Nf2+ 13. Kc2 Rd8 14.
Re1 Be7 15. Rxe5 O-O 16. Re2 Nb6 17. Bb3 Rc8 18. Qb5 Bf6 19. Be3 Bxd4 20. Bxf2 Bxf2 21. Nd2 Bd4 22. Rd1 Qf6 23. Qd3 Rfd8 24.
Ne4 Qh6 25. Kb1 g6 26. cxd4 Qf4 27. Qe3 Qf5 28. Bc2 Qb5 29. Nc3 Qb4 30. Qe7 Qa5 31. Bb3 Nc4 32. Bxc4 Rxc4 33. Qe3 Rb8 34. Rc2 Rcb4 35. d5 Qa3 36.
Qc1 Rxb2+ 37. Rxb2 Rc8 38. Ka1 Rxc3 39. Rb8+ Kg7 40. Qxa3 Rxa3 41. d6 1-0

[Event "Goteborg Open 2024"]
[Site "Goteborgs Schackcentrum, Vegatan 20, Gothenburg, Sweden"]
[Date "2024.08.02"]
[Round "3.4"]
[White "Andersson, Stig"]
[Black "Green, David"]
[Result "1/2-1/2"]
[TimeControl "15 minutes + 5 seconds per move from move one (Round 1 - 4) / 90 minutes + 30 seconds per move from move one (Round 5 - 8)"]
[WhiteFideId "1731971"]
[BlackFideId "1769332"]
[WhiteElo "1889"]
[BlackElo "1946"]

1. e4 c5 2. Nf3 e6 3. c3 Nf6 4. Qc2 Nc6 5. Be2 d5 6. d3 Be7 7. O-O O-O 8. Bf4 b6 9. Na3 Ba6 10. e5 Nd7 11. Rfe1 Rc8 12.
Qd2 Qc7 13. Bf1 Bd8 14. Rac1 Qb8 15. Nc2 Bc7 16. d4 Bxf1 17. Kxf1 f6 18. Bg3 fxe5 19. dxe5 Ndxe5 20. Nxe5 Bxe5 21.
Kg1 Bxg3 22. hxg3 Qd6 23. Re2 Rf6 24. Rce1 Rcf8 25. b3 d4 26. Qd3 Re8 27. Re4 Rd8 28. cxd4 Nxd4 29. Nxd4 cxd4 30.
Qc4 Kf7 31. Rd1 Qc5 32. Rexd4 Qxc4 33. bxc4 Rxd4 34. Rxd4 Ke7 35. Kf1 Rf5 36. Ke2 Ra5 37. Rd2 Ra4 38. Kd3 Kd6 39. Kc3+ Kc6 40. Re2 Kd6 41. Kb3 Ra5 42. Rd2+ Kc6 43. Rd8 Rf5 44. f3 Re5 45. Rd2 Re3+ 46.
Kc2 Ra3 47. Kb2 Re3 48. g4 a5 49.
Rf2 e5 50. g5 Kc5 51. g4 Kxc4 52. f4 exf4 53. Rxf4+ Kd5 54. Rf7 Re2+ 55. Kb3 Re3+ 56. Kc2 Re2+ 57. Kb3 Rg2 58. Rxg7 Rxg4 59. Rxh7 Rxg5 60. Rc7 Rg3+ 61. Ka4 Rg4+ 62. Ka3 Rc4 63.
Rb7 Kc5 64. Kb3 Rb4+ 65. Ka3 Rb1 66. Rb8 b5 67. Rc8+ Kb6 68. Rb8+ Kc5 69. Rc8+ Kd4 70. Rd8+ Kc5 71. Rc8+ Kd6 72. Rd8+ Kc7 73. Rh8 a4 74. Rh7+ Kb6 75. Rh8 Kc5 76.
Rc8+ Kb6 77. Rb8+ Ka5 78. Rxb5+ Kxb5 1/2-1/2

[Event "Goteborg Open 2024"]
[Site "Goteborgs Schackcentrum, Vegatan 20, Gothenburg, Sweden"]
[Date "2024.08.02"]
[Round "3.5"]
[White "Helin, Mikael"]
[Black "Eriksson, Kristian"]
[Result "0-1"]
[TimeControl "15 minutes + 5 seconds per move from move one (Round 1 - 4) / 90 minutes + 30 seconds per move from move one (Round 5 - 8)"]
[WhiteTitle "CM"]
[WhiteFideId "1703838"]
[BlackFideId "1705172"]
[WhiteElo "1937"]
[BlackElo "2064"]

1. c4 e6 2. Nc3 b6 3. e4 Bb7 4. g3 Bb4 5. Nge2 f5 6. f3 Nf6 7. Bg2 fxe4 8. fxe4 O-O 9. O-O Bxc3 10.
Nxc3 d6 11. d4 Nbd7 12. b4 a5 13. b5 Qe8 14. Ba3 Qg6 15. e5 Bxg2 16. Kxg2 Ng4 17. Qd2 Qc2 18. Qxc2 Ne3+ 19. Kh3 Nxc2 20.
exd6 Nxa3 21. c5 cxd6 22. c6 Nf6 23. g4 Nd5 24. Ne4 Nxb5 25. a4 Nxd4 26. Rac1 Rxf1 27. Rxf1 Nxc6 28. Nxd6 Rd8 29.
Nc4 Rf8 30. Re1 Rf4 31. Ne5 Nxe5 32. Rxe5 Kf7 33. Kg3 Rxa4 34. h4 Ra3+ 35. Kg2 a4 36. Re4 b5 37. g5 Re3 38. Rd4 a3 39.
Rd2 Re2+ 0-1

[Event "Goteborg Open 2024"]
[Site "Goteborgs Schackcentrum, Vegatan 20, Gothenburg, Sweden"]
[Date "2024.08.02"]
[Round "3.6"]
[White "Borin, Jesper"]
[Black "Karlsson, Stefan"]
[Result "1-0"]
[TimeControl "15 minutes + 5 seconds per move from move one (Round 1 - 4) / 90 minutes + 30 seconds per move from move one (Round 5 - 8)"]
[WhiteFideId "1771337"]
[BlackFideId "1771183"]
[WhiteElo "1905"]
[BlackElo "2042"]

1. e4 c5 2. Nf3 Nc6 3. Bb5 Nf6 4. Nc3 g6 5. O-O Bg7 6. h3 O-O 7. e5 Ne8 8. Re1 Nd4 9. Bc4 Qc7 10.
Nd5 Qd8 11. c3 Nxf3+ 12. Qxf3 e6 13.
Nf4 d5 14. Bf1 Qa5 15. h4 f6 16. exf6 Rxf6 17. Qg3 Bh6 18. Nxd5 Rf7 19. Ne3 Bf4 20. Qh3 e5 21. Qh1 b5 22.
g3 Bb7 23. Bg2 Bxe3 24. dxe3 Bxg2 25. Qxg2 Nc7 26. Qc6 Qb6 27. Qxb6 axb6 28. e4 Raf8 29. Be3 Ne8 30. b4 cxb4 31. cxb4 Nd6 32. Bxb6 Nc4 33. Bc5 Rd8 34. Red1 Nd2 35.
Be3 Rfd7 36. Rxd2 Rxd2 37. Bxd2 Rxd2 38. a4 bxa4 39. Rxa4 Rd4 40. f3 Rd2 41. Ra5 Rb2 42. Rxe5 Rxb4 43. Kf2 Rb3 1-0

[Event "Goteborg Open 2024"]
[Site "Goteborgs Schackcentrum, Vegatan 20, Gothenburg, Sweden"]
[Date "2024.08.02"]
[Round "3.7"]
[White "Ottgard, Andreas"]
[Black "Kring, Stephan"]
[Result "0-1"]
[TimeControl "15 minutes + 5 seconds per move from move one (Round 1 - 4) / 90 minutes + 30 seconds per move from move one (Round 5 - 8)"]
[WhiteFideId "1730592"]
[BlackFideId "1711687"]
[WhiteElo "1900"]
[BlackElo "2057"]

1. c4 Nf6 2. g3 g6 3. Bg2 Bg7 4. Nc3 O-O 5. e4 d6 6. Nge2 Nc6 7. O-O e5 8. d3 Nd7 9. Be3 f5 10.
Qd2 Nf6 11. Bh6 Be6 12. Bxg7 Kxg7 13. b3 fxe4 14. dxe4 Qd7 15. f4 Bh3 16. f5 Bxg2 17. Kxg2 Ne7 18. h3 gxf5 19. exf5 d5 20.
cxd5 Nexd5 21. Rad1 Rad8 22. Nxd5 Nxd5 23. Qg5+ Kh8 24. Kh2 c6 25. Nc3 Qg7 26. Qc1 Nf6 27. Qe3 Qc7 28. Qxa7 e4 29.
Qe3 Qe5 30. Kg2 Nd5 31. Nxd5 Rxd5 32. Rxd5 cxd5 33. g4 d4 34.
Qf4 Qd5 35. f6 Kg8 36. g5 e3+ 37. Kg3 e2 38. Rc1 d3 39. Kf2 d2 40. Ra1 d1=Q 41. Rxd1 exd1=Q 0-1

[Event "Goteborg Open 2024"]
[Site "Goteborgs Schackcentrum, Vegatan 20, Gothenburg, Sweden"]
[Date "2024.08.02"]
[Round "3.8"]
[White "Al Waeli, Laith"]
[Black "Torres, Lucas"]
[Result "1-0"]
[TimeControl "15 minutes + 5 seconds per move from move one (Round 1 - 4) / 90 minutes + 30 seconds per move from move one (Round 5 - 8)"]
[WhiteTitle "FM"]
[WhiteFideId "4801059"]
[BlackFideId "1769464"]
[WhiteElo "2077"]
[BlackElo "1861"]

1. Nf3 Nf6 2. g3 g6 3. Bg2 Bg7 4. O-O O-O 5. d3 d5 6. Nbd2 Bf5 7. c3 c5 8. e4 dxe4 9. dxe4 Nxe4 10.
Qb3 Qb6 11. Nc4 Qxb3 12. axb3 Nc6 13. Nh4 Rad8 14. g4 Bxg4 15. Bxe4 f5 16. Bxc6 bxc6 17. Rxa7 f4 18. f3 Bh3 19.
Re1 Rf7 20. Ng2 Bh6 21. Ne5 Rf5 22. Kf2 Bg7 23. Nxc6 Re8 24. Nxe7+ Kf8 25. Nxf5 Rxe1 26. Nxe1 Bxf5 27. Bxf4 h5 28.
Bd6+ Ke8 29. h4 Bf6 30. Kg3 Kd8 31. Ng2 g5 32. Rf7 gxh4+ 33. Nxh4 Bxh4+ 34. Kxh4 Be6 35. Rg7 Bxb3 36. f4 c4 37. f5 Ba4 38. f6 Be8 39.
Rg8 Kd7 40. Kg5 Bf7 41. Rg7 Ke6 42. Rh7 Be8 43. Re7+ 1-0

[Event "Goteborg Open 2024"]
[Site "Goteborgs Schackcentrum, Vegatan 20, Gothenburg, Sweden"]
[Date "2024.08.02"]
[Round "3.9"]
[White "Kallen, Jonas"]
[Black "Lindholm, Marcus"]
[Result "1-0"]
[TimeControl "15 minutes + 5 seconds per move from move one (Round 1 - 4) / 90 minutes + 30 seconds per move from move one (Round 5 - 8)"]
[WhiteFideId "1712896"]
[BlackFideId "1743473"]
[WhiteElo "2017"]
[BlackElo "1851"]

1. e4 c5 2. Nf3 Nc6 3. d4 cxd4 4.
Nxd4 Nf6 5. Nc3 e5 6. Ndb5 d6 7. Bg5 a6 8. Na3 Be7 9. Bxf6 Bxf6 10. Nd5 Bg5 11. c3 O-O 12. Nc4 f5 13. Bd3 b5 14. Ncb6 fxe4 15. Bxe4 Rb8 16. Nxc8 Rxc8 17.
O-O Ne7 18. Qb3 Kh8 19. Rad1 Rc5 20. Rd3 Nxd5 21. Rxd5 Rxd5 22. Qxd5 Qb6 23. Qd3 h6 24. Qh3 Qd8 25. Qe6 Qf6 26.
Qxf6 Bxf6 27. Rd1 Be7 28. Kf1 Rb8 29. a3 Kg8 30. Ke2 Kf7 31. g3 Rb6 32. Kd3 Bd8 33. Bd5+ Ke7 34. Ke4 a5 35.
Rd3 Kd7 36. Kf5 Bf6 37. Kg6 b4 38. cxb4 axb4 39. a4 e4 40. Rb3 Kc7 41. Kf7 Kb8 42. Bxe4 Ka7 43. Bd3 d5 44. a5 Rb8 45.
Bf1 Bd4 46. f4 g5 47. fxg5 hxg5 48. Ke6 Bg1 49. h3 d4 50. Rf3 Be3 51. Rf7+ Ka8 52. Bg2+ 1-0

[Event "Goteborg Open 2024"]
[Site "Goteborgs Schackcentrum, Vegatan 20, Gothenburg, Sweden"]
[Date "2024.08.02"]
[Round "3.10"]
[White "Wesslen, Ulf"]
[Black "Gallardo, Guillermo"]
[Result "1-0"]
[TimeControl "15 minutes + 5 seconds per move from move one (Round 1 - 4) / 90 minutes + 30 seconds per move from move one (Round 5 - 8)"]
[WhiteFideId "1705199"]
[BlackFideId "1773488"]
[WhiteElo "1953"]
[BlackElo "1822"]

1. d4 Nf6 2. c4 b6 3. Nc3 Bb7 4. Bg5 Ne4 5. Nxe4 Bxe4 6. f3 Bb7 7. e4 h6 8. Be3 e6 9. Qd2 a5 10.
Ne2 d5 11. cxd5 exd5 12. e5 Nd7 13. Nc3 Bb4 14. Bd3 Qe7 15. O-O Ba6 16. Bxa6 Rxa6 17. Qd3 Ra7 18. Nxd5 Qe6 19. Nf4 Qe7 20.
a3 Bc5 21. dxc5 Nxe5 22. Qc3 O-O 23. cxb6 cxb6 24. Bxb6 Raa8 25. Rfe1 f6 26. Bc5 Qf7 27. Bxf8 Rxf8 28. Rad1 Qa7+ 29.
Qe3 Qb7 30. Qd4 Rc8 31. Qd5+ Qxd5 32. Rxd5 1-0

[Event "Goteborg Open 2024"]
[Site "Goteborgs Schackcentrum, Vegatan 20, Gothenburg, Sweden"]
[Date "2024.08.02"]
[Round "3.11"]
[White "Shchetinin, Oleg"]
[Black "Lennerstad, Allan"]
[Result "0-1"]
[TimeControl "15 minutes + 5 seconds per move from move one (Round 1 - 4) / 90 minutes + 30 seconds per move from move one (Round 5 - 8)"]
[WhiteFideId "1740210"]
[BlackFideId "1723774"]
[WhiteElo "1742"]
[BlackElo "1950"]

1. e4 c5 2. a3 g6 3. b4 Bg7 4. c3 Qc7 5. bxc5 Qxc5 6. Nf3 d6 7. d4 Qa5 8. Qb3 Nf6 9. Bd3 O-O 10.
O-O Nbd7 11. Ng5 Nb6 12. Bd2 Qa4 13. Qxa4 Nxa4 14. Bb5 Nb6 15. f3 a6 16. Bd3 Nfd7 17. f4 e5 18. fxe5 dxe5 19. d5 Nc5 20. Bc2 Nc4 21.
Nf3 f5 22. exf5 gxf5 23. Bg5 Rf7 24. Nfd2 Nd6 25. Nb3 Nd7 26. Ra2 h6 27. Bh4 Nb6 28. Rd1 Nbc4 29. Bf2 e4 30. N1d2 Nxd2 31.
Nxd2 Bxc3 32. Bc5 Be5 33.
Bb3 Bd7 34. Nc4 Nxc4 35. Bxc4 Kg7 36. d6 Rff8 37. Bd4 Kf6 38. Bxe5+ Kxe5 39. Rd5+ Kf6 40. Rdd2 b5 41. Bb3 Rac8 42. Rac2 Rxc2 43. Rxc2 Rc8 44. Rd2 Rc3 45. Bg8 Rxa3 0-1

[Event "Goteborg Open 2024"]
[Site "Goteborgs Schackcentrum, Vegatan 20, Gothenburg, Sweden"]
[Date "2024.08.02"]
[Round "3.12"]
[White "Harila, Per"]
[Black "Thern, Alfred"]
[Result "1-0"]
[TimeControl "15 minutes + 5 seconds per move from move one (Round 1 - 4) / 90 minutes + 30 seconds per move from move one (Round 5 - 8)"]
[WhiteFideId "1707248"]
[BlackFideId "1775227"]
[WhiteElo "1947"]
[BlackElo "1729"]

1. d4 f5 2. Nf3 Nf6 3. g3 g6 4. Bg2 Bg7 5. O-O d6 6. c3 O-O 7. Qb3+ Kh8 8. Ng5 d5 9. Nd2 h6 10.
Nh3 g5 11. f4 g4 12. Nf2 c6 13. Nd3 Ne4 14. Ne5 Bxe5 15. fxe5 Ng5 16. Qc2 e6 17. Nb3 b6 18. Bf4 Bd7 19.
Nc1 Be8 20. Nd3 Nd7 21. Be3 Rc8 22. Qd2 Qe7 23. Rac1 c5 24. Nf4 Rg8 25. b3 Bf7 26. Bf2 Rg7 27. c4 cxd4 28. Bxd4 Ne4 29.
Bxe4 dxe4 30. e3 Rh7 31. Rc2 h5 32. Rfc1 h4 33. Qf2 hxg3 34. Qxg3 Qh4 35. Qxh4 Rxh4 36. c5 bxc5 37. Bb2 Kg7 38. Rd1 Nb6 39.
Rd6 Rh6 40. Ba3 c4 41. bxc4 Rxc4 42. Rcd2 Rc3 43. Bb4 Rxe3 44. Rc2 Rf3 45. Ne2 f4 46. Rd8 Rd3 47. Bf8+ Kg6 48. Nxf4+ Kg5 49.
Nxd3 exd3 50. Rxd3 Rh8 51. Bd6 Nd5 52. Rf2 Bg6 53. Rd1 Nf4 54. Be7+ Kf5 55. Rdf1 Kxe5 56. Rxf4 Bf5 57. Ba3 Kd5 58.
Rd1+ Kc6 59. Rc4+ Kb5 60. Rb4+ Ka5 61. Rd7 a6 62. Rb2 Rc8 63. Re2 Kb5 64. Red2 Rc3 65. Be7 Rc1+ 66. Kf2 Be4 67. Bh4 Rh1 68.
Bg3 Rc1 69. Ke3 Bf5 70. Rb2+ Ka5 71. Rd4 Rc3+ 72. Kf4 Rc1 73. Ke5 Rc5 74. Kd6 Rc1 75. Ke7 Rc5 76. Be1+ 1-0

[Event "Goteborg Open 2024"]
[Site "Goteborgs Schackcentrum, Vegatan 20, Gothenburg, Sweden"]
[Date "2024.08.02"]
[Round "3.13"]
[White "Bergdahl, Martin"]
[Black "Johansson, Stefan"]
[Result "1/2-1/2"]
[TimeControl "15 minutes + 5 seconds per move from move one (Round 1 - 4) / 90 minutes + 30 seconds per move from move one (Round 5 - 8)"]
[WhiteFideId "1782231"]
[BlackFideId "1732242"]
[WhiteElo "1711"]
[BlackElo "1933"]

1. e4 c5 2. Nf3 Nc6 3. d4 cxd4 4. Nxd4 g6 5. Nc3 Bg7 6. Be3 Nf6 7. Qd2 O-O 8. O-O-O d6 9. Nxc6 bxc6 10. e5 Ne8 11. exd6 Nxd6 12.
Bc5 Be6 13. Bxd6 exd6 14. Qxd6 Qa5 15. Qg3 Rab8 16. a3 Rxb2 17. Kxb2 Bxc3+ 18. Qxc3 Rb8+ 19. Qb4 Rxb4+ 20. axb4 Qxb4+ 21. Kc1 a5 22. Bd3 a4 23. Rde1 a3 24. Re4 Qb2+ 25. Kd2 a2 26. Ra4 Qb1 27. Rc1 Qb6 28. Ke2 c5 29. Ra6 Qb4 30. c4 Qb2+ 31. Kd1 Qd4 32.
Ke2 Qg4+ 33. Kf1 Qd4 34. Ke2 Bg4+ 35. f3 Be6 36. Rxa2 Kg7 37. Rd2 Qf4 38. g3 Qe5+ 39. Be4 h5 1/2-1/2

[Event "Goteborg Open 2024"]
[Site "Goteborgs Schackcentrum, Vegatan 20, Gothenburg, Sweden"]
[Date "2024.08.02"]
[Round "3.14"]
[White "Fransson, Lennart"]
[Black "Madevan Vaishnavi, Yaashvan"]
[Result "1/2-1/2"]
[TimeControl "15 minutes + 5 seconds per move from move one (Round 1 - 4) / 90 minutes + 30 seconds per move from move one (Round 5 - 8)"]
[WhiteFideId "1706756"]
[BlackFideId "1772180"]
[WhiteElo "1926"]
[BlackElo "1684"]

1. c4 e5 2. g3 Nf6 3. Bg2 Bc5 4. Nc3 c6 5. Nf3 e4 6. Ng5 d5 7. d3 exd3 8. Qxd3 d4 9. Nce4 Bb6 10.
O-O h6 11. Nxf6+ Qxf6 12. Ne4 Qd8 13. c5 Bc7 14. Rd1 O-O 15. Qxd4 Qxd4 16. Rxd4 Be5 17. Rd1 Be6 18. f4 Bc7 19.
Nc3 f5 20. Be3 Nd7 21. b4 a6 22. a4 Nf6 23. h3 Rfe8 24. Bd4 Kf7 25. b5 axb5 26. axb5 Rxa1 27. Rxa1 cxb5 28. Nxb5 Bb8 29. Bxf6 Kxf6 30. Bxb7 Bc4 31.
Nd4 Bxe2 32. Ra8 Bc4 33. Nc6 Re1+ 34. Kf2 Re2+ 35. Kf3 Bc7 36. Ne5 Bxe5
37. fxe5+ Rxe5 38. c6 Bd5+ 39.
Kf2 Re7 40. Ra5 Be4 41. Rc5 Rc7 42. Ke3 Ke6 43. Kd4 g6 44. g4 Kd6 45. gxf5 Bxf5 46. h4 Ke6 47. Re5+ Kd6 48. Re1 Bc8 49.
Rb1 Bf5 50. Rf1 h5 51. Rf2 Bc8 52. Rf6+ Ke7 53. Rxg6 Kf7 54. Rh6 Kg7 55. Rxh5 Bxb7 56. cxb7 Rxb7 57. Ra5 Rb4+ 58. Ke5 Rxh4 1/2-1/2

[Event "Goteborg Open 2024"]
[Site "Goteborgs Schackcentrum, Vegatan 20, Gothenburg, Sweden"]
[Date "2024.08.02"]
[Round "3.15"]
[White "Garby, Jacob"]
[Black "Hammar, Arvid"]
[Result "0-1"]
[TimeControl "15 minutes + 5 seconds per move from move one (Round 1 - 4) / 90 minutes + 30 seconds per move from move one (Round 5 - 8)"]
[WhiteFideId "1786520"]
[BlackFideId "1735977"]
[WhiteElo "1895"]
[BlackElo "1653"]

1. d4 Nf6 2. c4 d5 3. Nf3 c5 4.
dxc5 e5 5. Nc3 e4 6. Ne5 Bxc5 7. Nxd5 Qd6 8. Bf4 Nxd5 9. Qxd5 Bb4+ 10. Bd2 Bxd2+ 11. Kxd2 Qb4+ 12. Kc2 O-O 13. Rd1 Bf5 14.
g4 Be6 15. Qxe4 Nc6 16. Nxc6 bxc6 17. e3 Bd5 18. Qf5 Bxh1 19. Bd3 g6 20. Qf4 Qa4+ 21. b3 Qxa2+ 22. Kc3 Qa5+ 23. Kb2 Rab8 24.
Rxh1 Rfd8 25. Ra1 Rxb3+ 26. Kxb3 Rxd3+ 27. Kc2 Qc3+ 28. Kb1 Rd1+ 29. Ka2 Rxa1# 0-1

[Event "Goteborg Open 2024"]
[Site "Goteborgs Schackcentrum, Vegatan 20, Gothenburg, Sweden"]
[Date "2024.08.02"]
[Round "3.16"]
[White "Westlund, Tim"]
[Black "Murugaraja, Yogeshwer"]
[Result "1-0"]
[TimeControl "15 minutes + 5 seconds per move from move one (Round 1 - 4) / 90 minutes + 30 seconds per move from move one (Round 5 - 8)"]
[WhiteFideId "1754718"]
[BlackFideId "1779389"]
[WhiteElo "1886"]
[BlackElo "1628"]

1. e4 c5 2. Nf3 d6 3. Bb5+ Bd7 4. Bxd7+ Qxd7 5. O-O Nf6 6. Qe2 Nc6 7. c3 e6 8. d4 cxd4 9. cxd4 Be7 10. Nc3 O-O 11. Bg5 Rac8 12.
Rac1 h6 13. Be3 a6 14. h3 b5 15. a3 Qb7 16. b4 Rb8 17. Rc2 a5 18. bxa5 Nxa5 19. Nd2 Rfc8 20. Rb1 Qc6 21. Nd5 Qxc2 22.
Nxe7+ Kh8 23. Nxc8 Rxc8 24. Qxb5 Nc4 25. Nxc4 Qxc4 26. Qxc4 Rxc4 27. f3 Rc3 28. Bc1 d5 29. e5 Nh5 30.
Kh2 f6 31. exf6 Nxf6 32. Ra1 Rd3 33. a4 Rxd4 34. a5 Rc4 35. a6 Nd7 36. a7 Nb6 37. a8=Q+ Nxa8 38. Rxa8+ Kh7 39. Bf4 Rxf4 40. Re8 Rf6 41. Rd8 Kg6 42. Kg3 Kf5 43. Kf2 Ke5 44.
Ke3 g5 45. g3 Rf7 46. Rh8 d4+ 47. Kf2 Rf6 48. Rd8 Rf7 49. h4 gxh4 50. gxh4 Rc7 51. Ke2 Rc4 52. Rh8 Kf4 53. Rxh6 e5 54.
Rg6 Rc2+ 55. Kd3 Rc3+ 56. Ke2 Rxf3 57. Rf6+ Ke4 58. Rxf3 1-0

[Event "Goteborg Open 2024"]
[Site "Goteborgs Schackcentrum, Vegatan 20, Gothenburg, Sweden"]
[Date "2024.08.02"]
[Round "3.17"]
[White "Eklund, Rickard"]
[Black "Evertsson, David"]
[Result "0-1"]
[TimeControl "15 minutes + 5 seconds per move from move one (Round 1 - 4) / 90 minutes + 30 seconds per move from move one (Round 5 - 8)"]
[WhiteFideId "1789040"]
[BlackFideId "1777424"]
[WhiteElo "1595"]
[BlackElo "1642"]

1. e4 c5 2. Nf3 d6 3. d4 cxd4 4. Nxd4 Nf6 5. Nc3 a6 6. Bg5 e6 7. Bc4 Be7 8. Qd2 O-O 9. O-O-O Qc7 10. Bb3 b5 11. Kb1 Nbd7 12. f4 Bb7 13.
Rhe1 Nb6 14. e5 dxe5 15. fxe5 Nfd5 16. Bxe7 Qxe7 17. g4 Nc4 18. Bxc4 bxc4 19. Nxd5 Bxd5 20. c3 a5 21. Nb5 Rfd8 22.
Nd6 f6 23. Nb5 Bf3 24. Nd4 Bxd1 25. Rxd1 fxe5 0-1

[Event "Goteborg Open 2024"]
[Site "Goteborgs Schackcentrum, Vegatan 20, Gothenburg, Sweden"]
[Date "2024.08.02"]
[Round "3.18"]
[White "Saleh, Saqr"]
[Black "Bergdahl, Daniel"]
[Result "0-1"]
[TimeControl "15 minutes + 5 seconds per move from move one (Round 1 - 4) / 90 minutes + 30 seconds per move from move one (Round 5 - 8)"]
[WhiteFideId "1785877"]
[BlackFideId "1780921"]
[WhiteElo "1835"]
[BlackElo "1689"]

1. c4 Nf6 2. Nc3 g6 3.
Nf3 Bg7 4. e4 d6 5. d4 O-O 6. Be2 e5 7. dxe5 dxe5 8. Qxd8 Rxd8 9. Bg5 c6 10. Nxe5 Re8 11. O-O-O Nxe4 12. Nxe4 Bxe5 13. Nf6+ Bxf6 14.
Bxf6 Nd7 15. Bd4 Rxe2 16. Rhe1 Rxe1 17. Rxe1 Nf8 18. Re8 b6 19. Be5 Bb7 20. Re7 Ba6 21. b3 Ne6 22. Rd7 Nc5 23. Rd6 Rc8 24. Kc2 b5 25.
b4 Ne6 26. c5 Nd8 27. Rd7 Nb7 28. Bf6 Kf8 29. f4 h5 30. h4 Re8 31. Kd2 Re6 0-1